 Dungeon Crawl Stone Soup version 0.20.1-1-g8b1a95d (webtiles) character file.

101952 gunmagnum the Bludgeoner (level 15, -12/144 HPs)
             Began as a Minotaur Abyssal Knight on Sept 16, 2017.
             Was a High Priest of Lugonu.
             Killed from afar by a deep elf mage (21 damage)
             ... with a bolt of fire
             ... on level 2 of the Elven Halls.
             The game lasted 02:58:56 (30119 turns).

gunmagnum the Bludgeoner (Minotaur Abyssal Knight) Turns: 30119, Time: 02:58:56

Health: -12/144    AC: 27    Str: 28    XL:     15   Next: 84%
Magic:  0/21       EV: 11    Int:  9    God:    Lugonu [*****.]
Gold:   1743       SH: 19    Dex: 20    Spells: 14/14 levels left

rFire    . . .     SeeInvis +   a - +8 mace "Iroquc" {flame, Str+6 Dex+4}
rCold    . . .     Gourm    .   T - +0 large shield
rNeg     + . .     Faith    .   g - +5 plate armour of Restlessness {Dex+5}
rPois    +         Spirit   +   (helmet restricted)
rElec    .         Reflect  .   S - +0 cloak {rPois}
rCorr    .         Harm     .   n - +1 pair of gloves
MR       +....                  Z - +2 pair of boots
Stlth    ..........             z - amulet of Fyodet {Spirit rPois rN+}
Regen    0.4/turn               q - +4 ring of slaying
MPRegen  0.2/turn               m - ring of see invisible

@: liquid flames, glowing
A: retaliatory headbutt, horns 2
a: Depart the Abyss, Bend Space, Banish, Corrupt, Enter the Abyss, Renounce
Religion


You were on level 2 of the Elven Halls.
You worshipped Lugonu.
Lugonu was extremely pleased with you.
You were not hungry.

You visited 4 branches of the dungeon, and saw 22 of its levels.
You visited the Abyss 3 times.
You also visited: Labyrinth and Volcano.

You collected 3749 gold pieces.
You spent 2006 gold pieces at shops.

Inventory:

Hand Weapons
 a - the +8 mace "Iroquc" (weapon) {flame, Str+6 Dex+4}
   (You found it on level 5 of the Dungeon)

   It has been specially enchanted to burn those struck by it, causing extra
   injury to most foes and up to half again as much damage against particularly
   susceptible opponents.
   It affects your strength (+6).
   It affects your dexterity (+4).
 b - a +5 hunting sling of flaming
 J - a +2 quarterstaff of chaos
Missiles
 w - 2 throwing nets (quivered)
 F - 8 tomahawks of returning
 O - 47 sling bullets
Armour
 g - the +5 plate armour of Restlessness (worn) {Dex+5}
   (You bought it in a shop on level 12 of the Dungeon)

   It affects your dexterity (+5).
 k - a +2 cloak of fire resistance
 n - a +1 pair of gloves (worn)
 Q - +0 acid dragon scales
 S - a +0 cloak of poison resistance (worn)
 T - a +0 large shield (worn)
 Z - a +2 pair of boots (worn)
Jewellery
 m - a ring of see invisible (right hand)
 q - a +4 ring of slaying (left hand)
 r - an uncursed ring of flight
 t - an uncursed amulet of regeneration
 z - the amulet of Fyodet (around neck) {Spirit rPois rN+}
   (You bought it in a shop on level 2 of the Orcish Mines)

   [amulet of guardian spirit]

   It causes incoming damage to be split between your health and magic.
   It protects you from poison.
   It protects you from negative energy.
 E - an uncursed ring of resist corrosion
 V - an uncursed ring of protection from cold
Wands
 e - a wand of clouds (5/9)
 h - a wand of paralysis (9/24)
 p - a wand of digging (9/24)
 v - a wand of iceblast (2/15)
 H - a wand of polymorph (4/24)
 L - a wand of acid (2/15)
 P - a wand of lightning (6/15)
 R - a wand of paralysis (6/24)
 W - a wand of paralysis (16/24)
 X - a wand of scattershot (2/9)
Scrolls
 d - 5 scrolls of fog
 j - 6 scrolls of remove curse
 s - 2 scrolls of blinking
 A - 7 scrolls of teleportation
 N - 3 scrolls of fear
 Y - 2 scrolls of magic mapping
Potions
 f - a potion of brilliance
 l - 2 potions of agility
 o - 2 potions of haste
 u - 3 potions of curing
 x - a potion of cancellation
 y - 2 potions of invisibility
 B - a potion of might
 D - 5 potions of flight
 K - 2 potions of degeneration {unknown}
 M - 3 potions of lignification
Miscellaneous
 I - a phial of floods
Comestibles
 c - 4 bread rations
 i - 9 meat rations
 C - 9 royal jellies
 G - 9 fruits


   Skills:
 * Level 16.1 Fighting
 + Level 18.1 Maces & Flails
 - Level 2.4 Slings
 - Level 11.0 Armour
 + Level 9.9 Dodging
 - Level 10.0 Shields
 - Level 8.0 Invocations
 - Level 9.3 Evocations


You had 14 spell levels left.
You didn't know any spells.

Dungeon Overview and Level Annotations

Branches:
Dungeon (12/15)            Temple (0/1) D:5            Lair (6/6) D:9
  Swamp (0/4) Lair:3        Snake (0/4) Lair:3        Slime (0/5) Lair:6
    Orc (2/2) D:12            Elf (2/3) Orc:2

Altars:
Cheibriados
Dithmenos
Elyvilon
Fedhas
Hepliaklqana
Kikubaaqudgha
Nemelex Xobeh
Qazlal
Ru
Sif Muna
Vehumet
Xom
Yredelemnul

Shops:
D:7 }   D:9 ::}(   D:12 ([   Orc:2 :(=%}

Annotations:
Lair:1 exclusion: oklob plant
Elf:2 exclusion: Roxanne, Roxanne


Innate Abilities, Weirdness & Mutations

You reflexively headbutt those who attack you in melee.
You have a pair of horns on your head.


Message History

You sock the deep elf mage! You burn the deep elf mage.
Your headbutt misses the deep elf mage.
The deep elf mage is moderately wounded.
You block the deep elf mage's attack.
You feel better. You block the deep elf mage's attack.
The deep elf annihilator mumbles some strange words.
The deep elf annihilator blinks!
The deep elf mage gestures at you while chanting.
The sticky flame hits you!
You are covered in liquid flames!
* * * LOW HITPOINT WARNING * * *
You are covered in liquid flames!
* * * LOW HITPOINT WARNING * * *
The fire elemental hits you. The fire elemental burns you!
* * * LOW HITPOINT WARNING * * *
The deep elf annihilator gestures wildly while chanting.
The deep elf annihilator blinks!
You block the fire elemental's attack.
The deep elf mage gestures at you while chanting.
The bolt of fire hits you!
You die...

...##.....####..<....
....#§####.# #.######
##...)## #.# #)
##...§.## #.# #(
##...E...####.#
#...........#.##
#..(....§.§......
#..>.....§...#.##
#.......E@...#.#
##.....e..e#.#..#
##.......## .##
##.....## ##...##
####


You could see a deep elf annihilator, an earth elemental, a deep elf mage and a
fire elemental.

Vanquished Creatures
  Nikola (Elf:1)
  Rupert (Orc:2)
  Frances (Elf:1)
  Agnes (Elf:1)
  Kirke (Elf:1)
  An orc warlord (Orc:2)
  A deep elf elementalist (Elf:1)
  2 stone giants
  A dire elephant (Lair:6)
  A minotaur (Lab)
  An ice dragon (Lair:6)
  5 hydras
  3 two-headed ogres
  A queen ant (shapeshifter) (Elf:1)
  3 death yaks (Lair:6)
  10 dancing weapons
  6 orc high priests
  4 deep elf knights
  An unseen horror (D:12)
  7 deep elf archers
  7 deep elf magi (Elf:1)
  7 lindwurms
  7 orc knights
  3 cyclopes (D:11)
  3 orc sorcerers
  7 elephants
  3 centaur zombies
  7 black mambas
  The ghost of akademic the Thaumaturge, a novice DEFE of Sif Muna (D:6)
  2 centaur skeletons
  2 molten gargoyles (Volcano)
  A gargoyle (D:12)
  12 spiny frogs
  6 torpor snails
  3 rime drakes
  11 komodo dragons
  An efreet (Volcano)
  2 polar bears (Lair:6)
  8 trolls
  A slime creature (D:5)
  Prince Ribbit (D:9)
  8 hornets
  3 tyrant leeches (Lair:6)
  A meliai zombie (D:10)
  3 blink frogs (Lair:4)
  7 dream sheep (Lair:6)
  14 hippogriffs
  2 redbacks (Lab)
  An air elemental (Elf:1)
  3 wyverns
  24 yaks
  3 wraiths
  6 fire elementals
  2 water elementals
  7 basilisks
  Grum (D:9)
  A hungry ghost (D:11)
  A naga (shapeshifter) (Elf:1)
  A naga (Lair:3)
  6 swamp worms (Lair:3)
  5 wargs (Orc:2)
  2 acid dragons
  22 water moccasins
  8 porcupines
  32 orc warriors
  A black bear (D:10)
  4 ice beasts
  14 ogres
  6 necrophages
  A phantom (D:6)
  4 sky beasts
  6 wolves
  3 centaurs
  6 crocodiles
  An elf zombie (D:8)
  2 big kobolds (D:5)
  18 bullfrogs
  4 earth elementals
  A gnoll sergeant (D:12)
  A wyvern zombie (D:10)
  A water moccasin skeleton (D:5)
  A wyvern skeleton (D:12)
  A scorpion (D:7)
  10 killer bees
  2 howler monkeys
  15 wights
  A troll skeleton (D:8)
  An electric eel (Lair:3)
  5 crimson imps
  4 bullfrog zombies
  5 hounds
  3 human zombies (D:8)
  18 jellies
  13 orc wizards
  Crazy Yiuf (D:5)
  19 orc priests
  A bullfrog skeleton (D:9)
  A gnoll shaman (D:5)
  8 iguanas
  22 hell rats
  8 worker ants
  A hound skeleton (D:5)
  2 mummies (D:8)
  A howler monkey zombie (D:8)
  13 gnolls
  A worker ant zombie (D:10)
  A howler monkey skeleton (D:10)
  13 adders
  8 river rats (Lair:3)
  9 oozes
  3 adder zombies
  5 adder skeletons
  2 worms
  A dart slug (D:1)
  11 leopard geckos
  87 orcs
  3 ball pythons
  11 goblins
  12 hobgoblins
  14 jackals
  15 kobolds
  4 quokkas
  8 bats
  6 frilled lizards
  A jackal zombie (D:5)
  An orc zombie (D:8)
  2 quokka zombies (D:9)
  14 rats
  A fire vortex (Volcano)
  A fungus (Lair:3)
  2 plants
775 creatures vanquished.

Vanquished Creatures (others)
  A dire elephant (Lair:6)
  A deep elf mage (Elf:1)
  A molten gargoyle (Volcano)
  3 humans (Elf:1)
  An orc priest (Orc:2)
  A bush (D:10)
  24 fungi
  24 plants
  10 toadstools (D:5)
66 creatures vanquished.

Grand Total: 841 creatures vanquished

Notes
Turn   | Place    | Note
-------+----------+-------------------------------------------
     0 | Abyss:1  | gunmagnum the Minotaur Abyssal Knight began the quest for the Orb.
     0 | Abyss:1  | Reached XP level 1. HP: 19/19 MP: 1/1
     3 | D:1      | Escaped the Abyss
   109 | D:1      | Reached XP level 2. HP: 26/26 MP: 2/2
   126 | D:1      | Reached * piety under Lugonu
   126 | D:1      | Reached skill level 3 in Maces & Flails
   377 | D:1      | Reached XP level 3. HP: 22/31 MP: 4/4
  1438 | D:2      | Reached ** piety under Lugonu
  1549 | D:2      | Reached XP level 4. HP: 31/40 MP: 5/5
  1608 | D:2      | Found a hazy altar of Hepliaklqana.
  1708 | D:2      | Reached skill level 4 in Maces & Flails
  2349 | D:3      | Reached XP level 5. HP: 47/47 MP: 6/6
  2627 | D:4      | Reached skill level 5 in Maces & Flails
  2641 | D:4      | Noticed an ogre
  2950 | D:4      | Killed an ogre
  2950 | D:4      | Reached skill level 5 in Fighting
  3003 | D:4      | Reached XP level 6. HP: 56/56 MP: 7/7
  3055 | D:4      | Reached skill level 6 in Maces & Flails
  3135 | D:4      | Found a deep blue altar of Sif Muna.
  3152 | D:4      | Found a white marble altar of Elyvilon.
  3526 | D:4      | Noticed a water elemental
  3528 | D:4      | Found a stormy altar of Qazlal.
  3529 | D:4      | Noticed a fire elemental
  3530 | D:4      | Noticed an air elemental
  3801 | D:5      | Entered Level 5 of the Dungeon
  4164 | D:5      | Reached skill level 7 in Maces & Flails
  4169 | D:5      | Reached XP level 7. HP: 43/61 MP: 8/8
  4315 | D:5      | Found a runed door.
  4318 | D:5      | Got a translucent mace
  4331 | D:5      | Reached *** piety under Lugonu
  4358 | D:5      | Identified the +8 mace "Iroquc" {flame, Str+6 Dex+4} (You found it on level 5 of the Dungeon)
  4687 | D:5      | Reached skill level 8 in Maces & Flails
  4860 | D:5      | Noticed a slime creature
  4860 | D:5      | Noticed a slime creature
  4871 | D:5      | Reached XP level 8. HP: 48/71 MP: 9/9
  5241 | D:5      | Found a staircase to the Ecumenical Temple.
  5523 | D:5      | Killed a slime creature
  5523 | D:5      | Reached skill level 9 in Maces & Flails
  5523 | D:5      | Reached skill level 5 in Armour
  6002 | D:5      | Noticed Crazy Yiuf
  6007 | D:5      | Killed Crazy Yiuf
  6190 | D:6      | Noticed akademic's ghost (novice DEFE)
  6207 | D:6      | Killed akademic's ghost
  6207 | D:6      | Reached skill level 10 in Maces & Flails
  6645 | D:6      | Reached **** piety under Lugonu
  6645 | D:6      | Reached XP level 9. HP: 71/81 MP: 10/10
  6679 | D:6      | Found an ancient bone altar of Kikubaaqudgha.
  7242 | D:7      | Reached skill level 1 in Slings
  7346 | D:7      | Reached skill level 11 in Maces & Flails
  7395 | D:7      | Found a shadowy altar of Dithmenos.
  7671 | D:7      | Found a sacrificial altar of Ru.
  7764 | D:7      | Found a radiant altar of Vehumet.
  7878 | D:7      | Found a sparkling altar of Nemelex Xobeh.
  7917 | D:7      | Found Eseok's Gadget Boutique.
  7920 | D:7      | Bought a wand of digging (9/24) for 338 gold pieces
  8487 | D:8      | Reached skill level 5 in Dodging
  8532 | D:8      | Reached XP level 10. HP: 88/91 MP: 12/12
  8555 | D:8      | Found a shimmering altar of Xom.
  8726 | D:8      | Found a basalt altar of Yredelemnul.
  8741 | D:8      | Reached skill level 12 in Maces & Flails
  9529 | D:9      | Noticed Prince Ribbit
  9536 | D:9      | Killed Prince Ribbit
  9543 | D:9      | Found Qastov's Antique Weapon Shoppe.
  9630 | D:9      | Reached skill level 1 in Shields
  9637 | D:9      | Reached ***** piety under Lugonu
  9649 | D:9      | Found a staircase to the Lair.
  9684 | D:9      | Found Quraqomasa's Book Boutique.
  9691 | D:9      | Found Punappih's Book Boutique.
  9963 | D:9      | Noticed Grum
  9968 | D:9      | Killed Grum
  9970 | D:9      | Reached skill level 5 in Invocations
 10015 | D:9      | Found Reifuukk's Gadget Boutique.
 10214 | D:9      | Reached skill level 13 in Maces & Flails
 10286 | Lair:1   | Entered Level 1 of the Lair of Beasts
 10416 | Lair:1   | Noticed a seven-headed hydra
 10440 | Lair:1   | Killed a seven-headed hydra
 10440 | Lair:1   | Reached skill level 10 in Fighting
 10586 | Lair:1   | Noticed an oklob plant
 10632 | Lair:1   | Noticed a six-headed hydra
 10635 | Lair:1   | Killed a six-headed hydra
 10635 | Lair:1   | Reached XP level 11. HP: 83/99 MP: 14/14
 11081 | Lair:2   | Reached skill level 14 in Maces & Flails
 11081 | Lair:2   | Reached skill level 5 in Shields
 12039 | Lair:3   | Found a staircase to the Snake Pit.
 13296 | Lair:3   | Found a staircase to the Swamp.
 13385 | Lair:3   | Reached XP level 12. HP: 96/110 MP: 16/16
 13485 | Lair:3   | Reached ****** piety under Lugonu
 13800 | Lair:4   | Found a labyrinth entrance.
 13812 | Lab      | Entered a labyrinth
 15295 | Lab      | Noticed a minotaur
 15301 | Lab      | Killed a minotaur
 15762 | Lair:4   | Reached skill level 1 in Evocations
 15767 | Lair:4   | Reached skill level 15 in Maces & Flails
 16669 | Lair:5   | Noticed an eight-headed hydra
 16696 | Lair:5   | Killed an eight-headed hydra
 16746 | Lair:5   | Got a brightly glowing quarterstaff
 16752 | Lair:5   | Identified the +6 quarterstaff of Uskayaw {drain, Dex+5 Stlth+} (You found it on level 5 of the Lair of Beasts)
 16773 | Lair:5   | Reached skill level 10 in Armour
 17364 | Lair:6   | Entered Level 6 of the Lair of Beasts
 17369 | Lair:6   | Reached XP level 13. HP: 116/119 MP: 18/18
 17464 | Lair:6   | Noticed a dire elephant
 17490 | Lair:6   | Killed a dire elephant
 17678 | Lair:6   | Reached skill level 5 in Evocations
 17748 | Lair:6   | Noticed a dire elephant
 17825 | Lair:6   | Reached skill level 16 in Maces & Flails
 17834 | Lair:6   | Banished a dire elephant
 17976 | Lair:6   | Found a snail-covered altar of Cheibriados.
 18026 | Lair:6   | Found a dark tunnel.
 18033 | Volcano  | Entered a volcano
 18425 | Abyss:1  | Found a corrupted altar of Lugonu.
 18427 | Abyss:1  | Noticed a starcursed mass
 18430 | Volcano  | Escaped the Abyss
 18692 | Lair:6   | Found a staircase to the Slime Pits.
 19157 | Lair:6   | Found a runed door.
 19185 | Lair:6   | Paralysed by a hornet for 1 turns
 19291 | Lair:6   | Reached XP level 14. HP: 61/130 MP: 19/19
 20354 | D:10     | Entered Level 10 of the Dungeon
 20807 | D:10     | Found a blossoming altar of Fedhas.
 21340 | D:11     | Found a white marble altar of Elyvilon.
 21655 | D:11     | Reached skill level 17 in Maces & Flails
 21744 | D:12     | Found Nogi's Armour Shop.
 21744 | D:12     | Found a staircase to the Orcish Mines.
 21744 | D:12     | Found Coacuel's Weapon Shop.
 22017 | D:12     | Bought the +5 plate armour of Restlessness {Dex+5} for 851 gold pieces
 22035 | Orc:1    | Entered Level 1 of the Orcish Mines
 23213 | Orc:2    | Entered Level 2 of the Orcish Mines
 23228 | Orc:2    | Noticed a stone giant
 23420 | Orc:1    | Killed a stone giant
 24522 | Orc:2    | Noticed a stone giant
 24533 | Orc:2    | Killed a stone giant
 24597 | Orc:2    | Found Boyshreadip's Book Boutique.
 24932 | Orc:2    | Noticed Rupert
 24933 | Orc:2    | Paralysed by Rupert for 5 turns
 24952 | Orc:2    | Killed Rupert
 24952 | Orc:2    | Reached skill level 15 in Fighting
 24952 | Orc:2    | Reached skill level 10 in Shields
 25928 | Orc:2    | Reached XP level 15. HP: 137/141 MP: 20/20
 26125 | Orc:2    | Found Taceugh's Gadget Boutique.
 26128 | Orc:2    | Found Xiqughar's Food Boutique.
 26131 | Orc:2    | Found Kiom's Jewellery Shop.
 26132 | Orc:2    | Found Hywat's Weapon Boutique.
 26143 | Orc:2    | Bought the amulet of Fyodet {Spirit rPois rN+} for 817 gold pieces
 26206 | Orc:2    | Found a staircase to the Elven Halls.
 26375 | Orc:1    | Noticed an orc warlord
 26445 | Orc:2    | Killed an orc warlord
 26864 | Elf:1    | Entered Level 1 of the Elven Halls
 26909 | Elf:1    | Noticed Agnes
 26919 | Elf:1    | Killed Agnes
 27301 | Elf:1    | Noticed Kirke
 27310 | Elf:1    | Noticed a sphinx
 27312 | Elf:1    | Killed Kirke
 27333 | Elf:1    | Noticed Nikola
 27484 | Elf:1    | Escaped the Abyss
 28996 | Elf:1    | Noticed Frances
 29007 | Elf:1    | Killed Frances
 29767 | Elf:1    | Killed Nikola
 29767 | Elf:1    | Reached skill level 18 in Maces & Flails
 29838 | Elf:2    | Found a radiant altar of Vehumet.
 29851 | Elf:2    | Noticed Roxanne
 30119 | Elf:2    | Killed from afar by a deep elf mage

Skill      XL: |  1  2  3  4  5  6  7  8  9 10 11 12 13 14 15 |
---------------+----------------------------------------------+-----
Invocations    | 2 3 4 5 7 8 |  8.0
Maces & Flails | 3 4 5 7 8 10 11 13 14 15 16 17 18 | 18.1
Fighting       | 4 5 6 7 9 10 11 12 13 15 16 | 16.1
Armour         | 3 4 5 8 10 11 | 11.0
Dodging        | 3 5 8 9 |  9.9
Slings         | 2 |  2.4
Shields        | 4 5 7 10 | 10.0
Evocations     | 4 6 7 9 |  9.3

Action                   |  1- 3 |  4- 6 |  7- 9 | 10-12 | 13-15 || total
-------------------------+-------+-------+-------+-------+-------++-------
Melee: Mace              |   112 |   152 |   235 |   521 |  1086 ||  2106
       Headbutt          |    15 |    32 |    47 |   132 |   329 ||   555
 Fire: Hunting sling     |       |    25 |    19 |    20 |    24 ||    88
Throw: Stone             |       |       |     3 |       |       ||     3
Invok: Depart the Abyss  |     1 |       |       |       |     2 ||     3
       Bend Space        |       |     3 |     1 |     2 |     4 ||    10
       Banish            |       |       |       |       |     3 ||     3
       Enter the Abyss   |       |       |       |       |     2 ||     2
 Abil: Evoke Flight      |       |       |       |     1 |       ||     1
Evoke: Wand              |       |       |       |     3 |     9 ||    12
  Use: Scroll            |       |     2 |    12 |    18 |    14 ||    46
       Potion            |       |       |       |     3 |    11 ||    14
  Eat: Chunk             |     2 |     1 |     7 |     1 |    13 ||    24
       Bread ration      |       |     2 |     1 |     5 |     6 ||    14
       Fruit             |       |       |     1 |       |       ||     1
       Meat ration       |       |       |       |     1 |     2 ||     3
Armor: Leather armour    |     4 |       |       |       |       ||     4
       Chain mail        |    51 |   108 |   101 |    90 |       ||   350
       Ring mail         |     3 |       |       |       |       ||     3
       Plate armour      |       |       |       |   111 |   388 ||   499
Dodge: Dodged            |    46 |    52 |    84 |   138 |   284 ||   604
Block: Buckler           |       |       |       |    42 |       ||    42
       Large shield      |       |       |       |   141 |   740 ||   881
